 Dungeon Crawl Stone Soup version 0.27-a0-1278-g6cbc8dfb29 (webtiles) character file.

Game seed: 11445016662946843386

49 hilljack the Digger (level 3, 0/28 HPs)
             Began as a Deep Elf Earth Elementalist on June 12, 2021.
             Was a Follower of Wu Jian.
             Succumbed to an adder's poison
             ... on level 2 of the Dungeon.
             The game lasted 00:03:35 (1565 turns).

hilljack the Digger (Deep Elf Earth Elementalist)   Turns: 1565, Time: 00:03:35

Health: 0/28       AC: 21    Str:  5    XL:     3   Next: 51%
Magic:  1/10       EV:  2    Int: 20    God:    Wu Jian [*.....]
Gold:   24         SH:  0    Dex: 15    Spells: 3/9 levels left

rFire    . . .     SeeInvis .   h - +1 short sword (venom)
rCold    . . .     Faith    .   (no shield)
rNeg     + + +     Spirit   .   (armour currently unavailable)
rPois    +         Reflect  .   (helmet currently unavailable)
rElec    .         Harm     .   (cloak currently unavailable)
rCorr    .         Rampage  .   (gloves currently unavailable)
Will     .....     NoTele   +   (boots currently unavailable)
Stlth    ++........             (no amulet)
HPRegen  0.09/turn              (no ring)
MPRegen  0.12/turn              (no ring)

@: brilliant, lethally poisoned (0 -> -6), tree-form
A: stationary, stasis, torment immunity, boosted hp
a: Renounce Religion


You were on level 2 of the Dungeon.
You worshipped Wu Jian.
Wu Jian was aware of your devotion.
You were a tree.
You visited 1 branch of the dungeon, and saw 2 of its levels.

You collected 24 gold pieces.

Inventory:

Hand Weapons
 h - a +1 short sword of venom (weapon)
Missiles
 b - 83 stones
Armour
 c - a +0 robe (melded)
Scrolls
 g - a scroll of immolation
Potions
 f - a potion of brilliance


   Skills:
 - Level 2.4 Dodging
 - Level 2.4 Stealth
 + Level 3.6 Spellcasting
 * Level 2.0 Conjurations
 - Level 1.1 Transmutations
 * Level 4.1 Earth Magic


You had 3 spell levels left.
You knew the following spells:

 Your Spells              Type           Power      Damage    Failure   Level
a - Sandblast             Erth           60%        2d14      2%          1
b - Magic Dart            Conj           68%        1d6       6%          1
c - Passwall              Tmut/Erth      17%        N/A       7%          2
d - Searing Ray           Conj           34%        3d4       9%          2

Your spell library contained the following spells:

 Spells                   Type           Power      Damage    Failure   Level
 Stone Arrow              Conj/Erth      48%        3d10      11%         3
 Dazzling Flash           Conj/Hex       22%        N/A       26%         3
 Petrify                  Tmut/Erth      21%        N/A       41%         4
 Lee's Rapid Deconstruct  Erth           15%        3d11*     56%         5
 Fulminant Prism          Conj/Hex       5%         3d7       65%         4
 Iskenderun's Mystic Bla  Conj/Tloc      11%        2d4       65%         4


Dungeon Overview and Level Annotations

Branches:
Dungeon (2/15)

Altars:
Wu Jian


Message History

You are no longer poisoned.
Your Conjurations skill increases to level 2!
Aiming: Magic Dart (safe; 6% risk of failure)
Press: ? - help, Q - select action, (/) - cycle Shift-Dir - straight line, f - adder
Aim: an adder (100% to hit)
The magic dart hits the adder.
The adder is moderately wounded.
Aiming: Magic Dart (safe; 6% risk of failure)
Press: ? - help, Q - select action, (/) - cycle Shift-Dir - straight line, f/p - adder
Aim: an adder (moderately wounded, 100% to hit)
The magic dart hits the adder.
The adder is moderately wounded.
Aiming: Magic Dart (safe; 6% risk of failure)
Press: ? - help, Q - select action, (/) - cycle Shift-Dir - straight line, f/p - adder
Aim: an adder (moderately wounded, 100% to hit)
The magic dart hits the adder but does no damage.
The adder is moderately wounded.
The adder closely misses you.
Your magical contamination has completely faded away.
Aiming: Magic Dart (safe; 6% risk of failure)
Press: ? - help, Q - select action, (/) - cycle Shift-Dir - straight line, f/p - adder
Aim: an adder (moderately wounded, 100% to hit)
The magic dart hits the adder.
The adder is heavily wounded.
The adder barely misses you.
You don't have enough magic to cast this spell.
You closely miss the adder.
The adder is heavily wounded.
The adder bites you.
* * * LOW HITPOINT WARNING * * *
You are lethally poisoned!
The adder poisons you! The adder bites you.
* * * LOW HITPOINT WARNING * * *
It was a potion of lignification.
You turn into a tree.
Your +0 robe melds into your body.
Your roots penetrate the ground.
* * * LOW HITPOINT WARNING * * *
You feel sick. The adder bites you but does no damage.
It was a potion of brilliance.
You feel clever all of a sudden.
You die...

#.....#.........
#.....†<....#
##.##.#.....# #
#.#...# #.#...#
#.#)..# #.#...#
#.#...# #.#..♣#
..#..S# #.#...#
..<... ......#
......>.#
.........
........#


You could see an adder.

Vanquished Creatures
  2 adders (D:2)
  An adder zombie (D:1)
  A dart slug (D:1)
  A bat zombie (D:1)
  4 endoplasms (D:1)
  3 goblins (D:1)
  A quokka (D:1)
  2 ball pythons (D:1)
  3 bats (D:1)
  A frilled lizard (D:1)
  3 kobolds (D:1)
  3 rats (D:1)
25 creatures vanquished.

Notes
Turn   | Place    | Note
-------+----------+-------------------------------------------
     0 | D:1      | hilljack the Deep Elf Earth Elementalist began the quest
                  | for the Orb.
     0 | D:1      | Reached XP level 1. HP: 10/10 MP: 6/6
   101 | D:1      | Reached skill level 1 in Conjurations
   118 | D:1      | Learned a level 1 spell: Magic Dart
   128 | D:1      | Reached XP level 2. HP: 11/15 MP: 4/8
   858 | D:1      | Found a faded altar of an unknown god.
   882 | D:1      | Became a worshipper of the Wu Jian Council
   882 | D:1      | Reached * piety under Wu Jian
  1125 | D:1      | Reached XP level 3. HP: 19/19 MP: 5/9
  1477 | D:2      | Reached skill level 4 in Earth Magic
  1541 | D:2      | Learned a level 2 spell: Passwall
  1544 | D:2      | Learned a level 2 spell: Searing Ray
  1564 | D:2      | HP: 1/28 [poisoned by an adder]
  1565 | D:2      | Succumbed to an adder's poison

Illustrated notes

Levels and vault maps discovered:
D:1:      saegor_arrival_fortress, layout_basic,
          hellmonk_ecumenical_altar_blasted
D:2:      layout_basic, kennysheep_generic_room_4, uniq_natasha, uniq_sigmund

Skill      XL: |  1  2  3 |
---------------+----------+-----
Conjurations   | 1 2 |  2.0
Earth Magic    | 4 |  4.1
Dodging        | |  2.4
Stealth        | |  2.4
Spellcasting   | |  3.6
Transmutations | |  1.1

Action                   || total
-------------------------++-------
Melee: Dagger            ||     9
       Short sword       ||     3
 Cast: Sandblast         ||     5
       Magic Dart        ||    61
  Use: Scroll            ||     3
       Potion            ||     2
Armor: Robe              ||     2
       Skin              ||     1
Dodge: Dodged            ||    12

Table legend: (Time is in decaauts)
 A = Elapsed time spent in this place.
 B = Non-inter-level travel time spent in this place.
 C = Inter-level travel time spent in this place.
 D = Time resting spent in this place.
 E = Time spent auto-exploring this place.
 F = Levels seen in this place.
 G = Mean time per level.
                   A        B        C        D        E       F      G
               +--------+--------+--------+--------+--------+-----+--------+
         Total |   1564 |   1547 |     17 |    206 |   1181 |   2 |  782.0 |
       Dungeon |   1564 |   1547 |     17 |    206 |   1181 |   2 |  782.0 |
               +--------+--------+--------+--------+--------+-----+--------+

Top non-repeatable levels by time:
     D:1: 1468 daAuts
     D:2: 96 daAuts
